AoeStats
← HAKUNA MATATA

Arena

504833864Analyzed
4v4 RM · 26d ago on Sep 6, 2026· 51m 5s· 8 players
Game mode
Random Map
Map size
Large (8 player)
Population
200
Speed
Normal
Resources
Standard
Victory
Conquest
Starting age
Dark Age
Ending age
Imperial Age
RankedLock teamsTeams togetherTeam positionsShared explorationLock speedFull tech treeHidden civsTurbo modeCheats
Victory
Defeat
🇮🇳 Vietnamese · India
1640
+8
🇭🇰 Bohemians · Hong Kong SAR China
1528
+12
🇨🇴 Berbers · Colombia
1412
+17
🇹🇷 Malay · Türkiye
1342
+20
🇩🇪 Italians · Germany
1453
-15
🇩🇪 Khmer · Germany
1437
-14
🇹🇷 Huns · Türkiye
1433
-14
🇹🇷 Persians · Türkiye
1427
-14
Breznsoiza
10:34 Feudal Age
14:10 Castle Age
11:59 Double-Bit Axe
13:37 Horse Collar
15:41 Bow Saw
15:33 Heavy Plow
20:21 Wheelbarrow
21:58 Gold Mining
26:47 Imperial Age
24:05 Town Watch
25:33 Fletching
25:43 Padded Archer Armor
26:28 Ballistics
26:10 Bodkin Arrow
26:52 Hand Cart
26:19 Crossbowman
27:32 Leather Archer Armor
28:27 Chemistry
28:44 Two-Man Saw
28:01 Arbalester
28:38 Loom
29:22 Bracer
29:52 Ring Archer Armor
29:41 Thumb Ring
33:38 Fortified Wall
33:38 Masonry
33:57 Conscription
livulove
10:09 Feudal Age
13:41 Castle Age
11:53 Double-Bit Axe
11:59 Horse Collar
14:47 Bow Saw
21:00 Wheelbarrow
25:09 Imperial Age
22:45 Loom
23:21 Hand Cart
23:50 Fletching
24:16 Padded Archer Armor
24:49 Bodkin Arrow
25:34 Gold Mining
25:51 Bracer
27:15 Parthian Tactics
27:06 Leather Archer Armor
27:54 Chemistry
27:55 Two-Man Saw
27:21 Husbandry
27:32 Bloodlines
28:19 Guilds
29:42 Ballistics
29:58 Town Watch
30:48 Conscription
30:02 Heavy Cavalry Archer
30:48 Thumb Ring
33:40 Masonry
34:06 Heavy Plow
38:04 Coinage
38:33 Gold Shaft Mining
37:48 Stone Mining
45:19 Scale Barding Armor
45:51 Banking
Ramci
10:15 Feudal Age
14:16 Castle Age
12:41 Double-Bit Axe
12:54 Horse Collar
15:14 Bow Saw
22:12 Wheelbarrow
25:34 Loom
28:45 Imperial Age
27:02 Stone Mining
27:03 Gold Mining
27:42 Hand Cart
27:26 Town Watch
28:41 Forging
28:46 Husbandry
29:24 Elite War Elephant
30:19 Scale Barding Armor
30:50 Iron Casting
31:30 Two-Man Saw
30:34 Heavy Plow
31:20 Fletching
31:58 Bloodlines
32:11 Chain Barding Armor
33:17 Blast Furnace
37:40 Crop Rotation
39:02 Plate Barding Armor
ShellyBlackJack
10:29 Feudal Age
13:58 Castle Age
12:05 Double-Bit Axe
15:26 Bow Saw
15:39 Horse Collar
16:20 Heavy Plow
19:20 Wheelbarrow
21:43 Gold Mining
27:31 Imperial Age
24:48 Loom
26:09 Hand Cart
28:04 Ballistics
28:04 Forging
27:59 Scale Barding Armor
27:58 Husbandry
28:08 Bloodlines
27:56 Light Cavalry
29:29 Iron Casting
30:07 Crop Rotation
32:01 Blast Furnace
32:09 Chain Barding Armor
31:41 Heavy Scorpion
33:26 Chemistry
32:32 Siege Engineers
35:03 Double Crossbow
35:24 Conscription
36:01 Gold Shaft Mining
35:16 Stone Mining
35:44 Hussar
43:58 Plate Barding Armor
44:00 Elite Battle Elephant
44:42 Tusk Swords
44:36 Stone Mining
Chigüiro
11:08 Feudal Age
14:57 Castle Age
13:28 Double-Bit Axe
13:31 Horse Collar
23:24 Scale Barding Armor
24:04 Bow Saw
24:36 Husbandry
25:21 Forging
28:10 Wheelbarrow
30:24 Imperial Age
29:06 Bloodlines
29:21 Gold Mining
30:26 Chain Barding Armor
31:43 Plate Barding Armor
30:29 Heavy Camel Rider
33:10 Siege Engineers
34:02 Iron Casting
33:51 Conscription
34:17 Maghrebi Camels
37:01 Blast Furnace
37:54 Fervor
38:47 Fletching
40:12 Caravan
40:33 Light Cavalry
44:38 Illumination
44:32 Hand Cart
45:41 Chemistry
45:14 Guilds
45:30 Hussar
46:15 Bodkin Arrow
46:50 Loom
HAKUNA MATATA
12:18 Feudal Age
16:03 Castle Age
14:55 Double-Bit Axe
14:53 Horse Collar
16:27 Bow Saw
16:20 Heavy Plow
22:59 Stone Mining
23:00 Gold Mining
29:40 Imperial Age
26:55 Loom
27:55 Wheelbarrow
28:07 Scale Barding Armor
28:49 Forging
29:27 Gold Shaft Mining
29:08 Elite Battle Elephant
29:49 Husbandry
31:59 Iron Casting
34:03 Blast Furnace
33:24 Hand Cart
32:54 Town Watch
34:49 Forced Levy
39:38 Man-at-Arms
40:19 Squires
40:04 Arson
40:40 Long Swordsman
41:23 Two-Handed Swordsman
LagiPup
11:34 Feudal Age
15:18 Castle Age
13:19 Horse Collar
13:49 Double-Bit Axe
16:59 Wheelbarrow
24:09 Fervor
28:50 Imperial Age
26:06 Loom
28:05 Chemistry
28:08 Wagenburg Tactics
29:13 Ballistics
29:23 Elite Hussite Wagon
30:37 Fletching
30:48 Town Watch
32:57 Hand Cart
34:13 Scale Mail Armor
34:24 Forging
35:18 Chain Mail Armor
35:01 Bodkin Arrow
34:39 Pikeman
35:19 Squires
35:04 Arson
36:27 Iron Casting
35:33 Halberdier
39:04 Plate Mail Armor
40:09 Bow Saw
42:21 Siege Engineers
44:15 Blast Furnace
NoisyBuoy
10:26 Feudal Age
11:04 Double-Bit Axe
14:08 Castle Age
12:02 Horse Collar
15:12 Bow Saw
15:02 Heavy Plow
16:28 Wheelbarrow
20:58 Loom
21:56 Hand Cart
23:02 Gold Mining
24:36 Treadmill Crane
27:30 Imperial Age
24:52 Town Watch
25:07 Stone Mining
25:14 Fletching
25:24 Padded Archer Armor
25:50 Bodkin Arrow
26:44 Squires
26:49 Scale Mail Armor
27:14 Thumb Ring
28:03 Ballistics
29:23 Chemistry
28:24 Bracer
29:59 Two-Man Saw
29:05 Elite Fire Lancer
30:36 Leather Archer Armor
31:11 Elite Rattan Archer
33:06 Ring Archer Armor
33:34 Crop Rotation
34:11 Hoardings
33:33 Murder Holes
34:41 Paper Money
34:51 Chain Mail Armor
34:46 Forging
33:58 Pikeman
34:57 Guilds
34:48 Caravan
35:27 Siege Engineers
35:09 Halberdier
36:25 Caravan
36:55 Coinage
35:59 Halberdier
37:26 Plate Mail Armor
37:32 Iron Casting
38:39 Banking
39:02 Town Patrol
38:49 Sappers
40:40 Stone Shaft Mining
40:48 Capped Ram
43:30 Bombard Tower
49:52 Sanctity
Connection lost

Rejoining the realm…

Still unreachable

The connection could not be restored.

Session expired

The server has moved on; the page needs a fresh start.